 Dungeon Crawl Stone Soup version 0.20.0-8-g6b59dc7 (webtiles) character file.

482 shmeve the Skirmisher (level 7, 0/44 HPs)
             Began as a Gargoyle Berserker on May 29, 2017.
             Was a Priest of Trog.
             Splashed by a jelly's acid (7 damage)
             ... on level 5 of the Dungeon on May 31, 2017.
             The game lasted 00:07:50 (3840 turns).

shmeve the Skirmisher (Gargoyle Berserker)          Turns: 3840, Time: 00:07:51

Health: 0/44       AC:  1    Str: 22    XL:     7   Next: 12%
Magic:  7/7        EV:  7    Int:  8    God:    Trog [***...]
Gold:   303        SH:  0    Dex:  9    Spells: 6/6 levels left

rFire    + . .     SeeInvis .   a - +0 hand axe
rCold    . . .     Gourm    .   (no shield)
rNeg     + . .     Faith    .   m - +0 plate armour {rF+}
rPois    ∞         Spirit   .   o - +0 helmet (curse)
rElec    +         Reflect  .   (no cloak)
rCorr    .         Harm     .   (no gloves)
MR       .....                  (no boots)
Stlth    ..........             (no amulet)
Regen    0.2/turn               (no ring)
MPRegen  0.1/turn               (no ring)

@: corroded
A: negative energy resistance 1, electricity resistance, unbreathing,
petrification resistance, rot immunity, AC +4
a: Berserk, Trog's Hand, Burn Spellbooks, Renounce Religion


You were on level 5 of the Dungeon.
You worshipped Trog.
Trog was most pleased with you.
You were not hungry.

You visited 1 branch of the dungeon, and saw 5 of its levels.

You collected 303 gold pieces.

Inventory:

Hand Weapons
 a - a +0 hand axe (weapon)
Armour
 m - a +0 plate armour of fire resistance (worn)
 o - a cursed +0 helmet (worn)
Jewellery
 w - an uncursed ring of protection from magic {unknown}
Scrolls
 e - 4 scrolls of identify {unknown}
 g - a scroll of enchant armour {unknown}
 i - a scroll of noise {unknown}
 j - a scroll of recharging {unknown}
 k - 2 scrolls of fog {unknown}
 p - a scroll of immolation {unknown}
 q - a scroll of fear {unknown}
 r - a scroll of random uselessness {unknown}
 s - a scroll of magic mapping {unknown}
 t - 4 scrolls of teleportation {unknown}
 v - a scroll of enchant weapon {unknown}
 y - a scroll of remove curse {unknown}
Potions
 b - 2 potions of brilliance {unknown}
 f - a potion of resistance {unknown}
 h - 2 potions of curing {unknown}
 n - a potion of might
 u - a potion of degeneration {unknown}
Comestibles
 c - 3 bread rations
 d - a royal jelly
 l - 3 meat rations
 z - 3 fruits


   Skills:
 * Level 5.4 Fighting
 * Level 4.7 Axes
 + Level 3.7 Armour
 + Level 2.9 Dodging


You had 6 spell levels left.
You didn't know any spells.

Dungeon Overview and Level Annotations

Branches:
Dungeon (5/15)             Temple (0/1) D:4

Altars:
Nemelex Xobeh


Innate Abilities, Weirdness & Mutations

You are resistant to torment.
Your stone body is resilient. (AC +4)
You are immune to poison.
You resist negative energy. (rN+)
You are resistant to electric shocks. (rElec)
You can survive without breathing.
You are immune to petrification.
You are immune to rotting.


Message History

The jelly is almost dead.
The jelly hits you.
You are splashed with acid!
The acid burns!
* * * LOW HITPOINT WARNING * * *
Your plate armour prevents you from hitting the jelly.
The jelly is almost dead.
The jelly hits you but does no damage.
Your plate armour prevents you from hitting the jelly.
The jelly is almost dead.
The jelly hits you but does no damage.
You barely miss the jelly.
The jelly is almost dead.
The jelly hits you but does no damage.
You hit the jelly but do no damage. The acid corrodes you!
Your hands burn!
* * * LOW HITPOINT WARNING * * *
The jelly is almost dead.
The jelly jiggles.
The jelly hits you.
* * * LOW HITPOINT WARNING * * *
The acid corrodes you!
You are splashed with acid!
The acid burns!
You die...

... ###.# #.
#.... #. #.#.#
##.# #.#..
##...#### # ##.
##.......# #.##.
#......(.# #..).
......J..# ####.
#......@.# #...
##.....#.# #.#.
##......#######
#.#.
##.#.##......#
#... ###.
#.####.# #..# #.
#.# #.# #..# #.
... #.# #...
####.#.
#.#######.#
#.#.##.........#


You could see a jelly.

Vanquished Creatures
  Menkaure (D:4)
  A big kobold (D:4)
  2 howler monkeys (D:4)
  2 worker ants (D:4)
  4 gnolls (D:4)
  4 adders
  2 oozes
  An adder skeleton (D:4)
  2 worms (D:3)
  2 dart slugs
  6 leopard geckos
  2 orcs
  6 giant cockroaches
  6 goblins
  11 hobgoblins
  3 jackals
  4 quokkas
  A ball python (D:3)
  6 bats
  5 frilled lizards
  8 kobolds
  A leopard gecko skeleton (D:4)
  A quokka skeleton (D:4)
  5 rats
86 creatures vanquished.

Notes
Turn   | Place    | Note
-------+----------+-------------------------------------------
     0 | D:1      | shmeve the Gargoyle Berserker began the quest for the Orb.
     0 | D:1      | Reached XP level 1. HP: 14/14 MP: 1/1
   403 | D:1      | Reached XP level 2. HP: 17/19 MP: 2/2
   869 | D:1      | Found a sparkling altar of Nemelex Xobeh.
  1089 | D:2      | Reached XP level 3. HP: 23/24 MP: 3/3
  1096 | D:2      | Reached ** piety under Trog
  1297 | D:2      | Found a faded altar of an unknown god.
  1593 | D:3      | Upgraded the game from 0.20.0-7-g3b7b877 to 0.20.0-8-g6b59dc7
  1695 | D:3      | Reached skill level 4 in Fighting
  1695 | D:3      | Reached XP level 4. HP: 22/29 MP: 4/4
  2631 | D:4      | Noticed a big kobold
  2662 | D:4      | Killed a big kobold
  2662 | D:4      | Reached XP level 5. HP: 19/34 MP: 5/5
  2896 | D:4      | Reached *** piety under Trog
  2964 | D:4      | Noticed Menkaure
  2970 | D:4      | Killed Menkaure
  2970 | D:4      | Reached skill level 5 in Fighting
  2970 | D:4      | Reached XP level 6. HP: 40/40 MP: 6/6
  2985 | D:4      | Found a staircase to the Ecumenical Temple.
  3086 | D:4      | Reached XP level 7. HP: 14/44 MP: 7/7
  3630 | D:5      | Entered Level 5 of the Dungeon
  3840 | D:5      | Splashed by a jelly's acid

Skill      XL: |  1  2  3  4  5 |
---------------+----------------+-----
Axes           | 3 4 |  4.7
Dodging        | 2 |  2.9
Fighting       | 4 5 |  5.4
Armour         | 3 |  3.7

Action                   |  1- 3 |  4- 6 |  7- 9 || total
-------------------------+-------+-------+-------++-------
Melee: Hand axe          |   121 |   211 |    54 ||   386
Invok: Burn Spellbooks   |     2 |       |       ||     2
       Berserk           |       |     1 |       ||     1
  Eat: Chunk             |     2 |     5 |     4 ||    11
Armor: Animal skin       |    12 |       |       ||    12
       Plate armour      |    73 |   199 |    31 ||   303
       Scale mail        |     8 |       |       ||     8
Dodge: Dodged            |    63 |    75 |    20 ||   158
